 Dungeon Crawl Stone Soup version 0.32-a0-928-g1cae6b7ea0 (webtiles) character file.

Game seed: 13329881404158702963

1196 DEFE the Cudgeller (level 8, -3/62 HPs)
             Began as a Coglin Fighter on Apr 12, 2024.
             Was an Initiate of Trog.
             Slain by a cyan ugly thing (15 damage)
             ... on level 7 of the Dungeon.
             The game lasted 00:03:40 (4833 turns).

DEFE the Cudgeller (Coglin Fighter)                 Turns: 4833, Time: 00:03:41

Health: -3/62      AC:  8    Str: 19    XL:     8   Next: 44%
Magic:  8/8        EV:  9    Int:  8    God:    Trog [......]
Gold:   408        SH:  0    Dex: 13    Spells: 7/7 levels left

rFire   + . .        E - +1 demon blade (pain) {Xue}
rCold   . . .        o - +0 flail (drain) {Ermengarde}
rNeg    . . .        g - +1 ring mail {rF+}
rPois   .            z - +0 helmet
rElec   .            (no cloak)
rCorr   .            (no gloves)
SInv    .            F - +0 pair of boots
Will    .....        (amulet unavailable)
Stlth   +            (ring unavailable)
HPRegen 0.30/turn    (ring unavailable)
MPRegen 0.11/turn    (no gizmo)

%: no passive effects
@: revved
A: off-hand wielding, slow wielding, warmup strikes, no jewellery
a: Invent Gizmo, Renounce Religion


You were on level 7 of the Dungeon.
You worshipped Trog.
Trog was noncommittal.
You visited 1 branch of the dungeon, and saw 7 of its levels.

You collected 408 gold pieces.

Inventory:

Hand Weapons
 a - a +0 flail {Kanlaya}
 e - a +2 antimagic dagger {Qing}
 o - a +0 flail of draining (offhand) {Ermengarde}
 E - a +1 demon blade of pain (weapon) {Xue}
Missiles
 A - 2 curare-tipped darts (quivered)
Armour
 b - a +0 scale mail
 c - a +0 buckler
 g - a +1 ring mail of fire resistance (worn)
 z - a +0 helmet (worn)
 F - a +0 pair of boots (worn)
Wands
 n - a wand of paralysis (2)
 y - a wand of flame (26)
Scrolls
 f - 3 scrolls of revelation
 i - 2 scrolls of blinking {unknown}
 j - 3 scrolls of fog {unknown}
 k - a scroll of poison {unknown}
 l - 2 scrolls of torment {unknown}
 m - 5 scrolls of teleportation
 r - 2 scrolls of vulnerability
 s - 3 scrolls of fear {unknown}
 t - 2 scrolls of butterflies
 D - a scroll of acquirement {unknown}
Potions
 d - 3 potions of might
 h - 2 potions of degeneration {unknown}
 p - a potion of resistance
 q - a potion of cancellation {unknown}
 u - 2 potions of curing {unknown}
 v - a potion of magic {unknown}
 w - a potion of attraction {unknown}
 x - a potion of mutation {unknown}
 B - 2 potions of lignification {unknown}
 C - a potion of berserk rage {unknown}


   Skills:
 + Level 5.0 Fighting
 + Level 3.7 Long Blades
 - Level 7.5 Maces & Flails
 - Level 2.6 Armour
 - Level 2.1 Shields


You had 7 spell levels left.
You didn't know any spells.
Your spell library contained the following spells:

 Spells                   Type           Power      Damage    Failure   Level
 Kiss of Death            Conj/Necr      0%         2d5       58%         1
 Confusing Touch          Hex            0%         N/A       91%         3
 Dispel Undead            Necr           0%         3d6       100%        4


Dungeon Overview and Level Annotations

Branches:
Dungeon (7/15)             Temple (0/1) D:6

Altars:
Cheibriados
Gozag
Hepliaklqana
Ru
Trog
Vehumet


Innate Abilities, Weirdness & Mutations

You can wield a second weapon in your off-hand.
It takes a long time for you to wield or remove held weapons.
Your first few attacks do less damage.
You cannot equip rings or amulets.


Message History

You hit the bullfrog with your +0 flail of draining.
You drain the bullfrog.
The bullfrog is heavily wounded.
You closely miss the bullfrog with your +1 demon blade of pain.
The bullfrog hits you but does no damage.
The bullfrog barely misses you.
You hit the bullfrog with your +1 demon blade of pain.
The bullfrog is severely wounded.
You sock the bullfrog with your +0 flail of draining!
You kill the bullfrog!
Trog accepts your kill.
Your Fighting skill increases to level 5!
Unknown command.
The cyan ugly thing barely misses you.
Unknown command.
Aiming: Paralyse
Press: ? - help, Shift-Dir - straight line, f - cyan ugly thing
Aim: a cyan ugly thing (chance to affect: 31%)
The cyan ugly thing easily resists.
The cyan ugly thing tail-slaps you. The cyan ugly thing shocks you!
Unknown command.
You hit the cyan ugly thing but do no damage.
You closely miss the cyan ugly thing with your +0 flail of draining.
The cyan ugly thing misses you.
You closely miss the cyan ugly thing with your +0 flail of draining.
You slash the cyan ugly thing with your +1 demon blade of pain!
The cyan ugly thing misses you.
You sock the cyan ugly thing with your +0 flail of draining!
You drain the cyan ugly thing.
The cyan ugly thing is moderately wounded.
You closely miss the cyan ugly thing with your +1 demon blade of pain.
The cyan ugly thing tail-slaps you! The cyan ugly thing shocks you!
* * * LOW HITPOINT WARNING * * *
You barely miss the cyan ugly thing with your +0 flail of draining.
The cyan ugly thing is moderately wounded.
You slash the cyan ugly thing with your +1 demon blade of pain!
The cyan ugly thing tail-slaps you.
* * * LOW HITPOINT WARNING * * *
The cyan ugly thing shocks you!
You die...

.##.##..#.#.###..
....................
.##.##..†..........# .
.##.##.......##....###..
...................:....
.............$#.........
........................
..............)....#....
..#.##..........@u...(..
.... ...................
.... ...................
..#. ..................
##.....#.#..#....
#.....#.#.[#....
.......#.#..# ...
.......#.#... .. ##..#..
.# ..


You could see a cyan ugly thing (drained).

Vanquished Creatures
  Eustachio (D:4)
  A water moccasin (D:7)
  An ice beast (D:6)
  A sky beast (D:5)
  A black bear (D:6)
  A phantom (D:7)
  2 bullfrogs
  2 bombardier beetles (D:5)
  A hound (D:5)
  A jelly (D:5)
  An orc priest (D:4)
  3 iguanas
  2 orc wizards (D:3)
  9 adders
  A white imp (D:6)
  2 dart slugs
  15 orcs
  6 endoplasms
  5 giant cockroaches
  6 goblins
  9 hobgoblins
  5 kobolds
  4 quokkas
  4 ball pythons
  6 bats
  3 frilled lizards
  3 rats
96 creatures vanquished.

Notes
Turn   | Place    | Note
-------+----------+-------------------------------------------
     0 | D:1      | DEFE the Coglin Fighter began the quest for the Orb.
     0 | D:1      | Reached XP level 1. HP: 18/18 MP: 1/1
    71 | D:1      | Reached skill level 2 in Maces & Flails
   120 | D:1      | Reached XP level 2. HP: 24/24 MP: 0/2
   285 | D:1      | Found a faded altar of an unknown god.
   337 | D:1      | Reached skill level 3 in Maces & Flails
   391 | D:1      | Reached XP level 3. HP: 29/29 MP: 1/3
  1119 | D:2      | Reached XP level 4. HP: 35/35 MP: 1/4
  1150 | D:2      | Reached skill level 4 in Maces & Flails
  1455 | D:3      | Reached XP level 5. HP: 38/41 MP: 1/5
  1684 | D:3      | Reached skill level 5 in Maces & Flails
  2228 | D:4      | Noticed Eustachio
  2259 | D:4      | Killed Eustachio
  2260 | D:4      | Reached skill level 6 in Maces & Flails
  2260 | D:4      | Reached XP level 6. HP: 22/47 MP: 6/6
  3022 | D:5      | Entered Level 5 of the Dungeon
  3066 | D:5      | Noticed a sky beast
  3077 | D:5      | Killed a sky beast
  3078 | D:5      | Reached skill level 7 in Maces & Flails
  3078 | D:5      | Reached XP level 7. HP: 32/52 MP: 7/7
  3219 | D:5      | Found a bloodstained altar of Trog.
  3232 | D:5      | Became a worshipper of Trog the Wrathful
  3828 | D:6      | Reached skill level 1 in Long Blades
  3937 | D:6      | Found a sacrificial altar of Ru.
  4028 | D:6      | Found an opulent altar of Gozag.
  4072 | D:6      | Found a snail-covered altar of Cheibriados.
  4072 | D:6      | Found a radiant altar of Vehumet.
  4230 | D:6      | Reached XP level 8. HP: 60/60 MP: 8/8
  4232 | D:6      | Found a staircase to the Ecumenical Temple.
  4359 | D:6      | Found a hazy altar of Hepliaklqana.
  4824 | D:7      | Noticed a cyan ugly thing
  4827 | D:7      | Reached skill level 5 in Fighting
  4833 | D:7      | Slain by a cyan ugly thing

Illustrated notes

Levels and vault maps discovered:
D:1:      dpeg_arrival_signposts, layout_basic, basic_ecumenical_altar,
          st_stairs_13
D:2:      layout_loops_ring, nicolae_half_adder
D:3:      layout_rooms
D:4:      layout_loops_ring, minmay_misc_feat_tower,
          chequers_serial_rivers_marsh, uniq_eustachio
D:5:      layout_loops_cross, trog_three_pillars_becter
D:6:      layout_loops_corners, lemuel_doored_altar,
          nicolae_overflow_hidden_temple, mainiacjoe_overflow_alcove_4,
          mainiacjoe_overflow_divided_tiny, minmay_temple_entry_antechambers,
          hangedman_decor_diamond_cutter
D:7:      layout_basic, makhleb_grotto_becter, uniq_joseph

Skill      XL: |  1  2  3  4  5  6  7  8 |
---------------+-------------------------+-----
Maces & Flails | 2 3 4 6 7 |  7.5
Long Blades    | 2 3 |  3.7
Fighting       | 5 |  5.0
Armour         | |  2.6
Shields        | |  2.1

Action                     |  1- 3 |  4- 6 |  7- 9 || total
---------------------------+-------+-------+-------++-------
  Melee: Flail             |    71 |   201 |    87 ||   359
         Dagger            |    58 |    84 |       ||   142
         Demon blade       |       |       |    18 ||    18
  Evoke: Wand              |       |     1 |     1 ||     2
    Use: Potion            |       |     2 |       ||     2
         Scroll            |       |       |     4 ||     4
   Stab: Paralysed         |       |     5 |       ||     5
 Armour: Scale mail        |     8 |       |       ||     8
         Ring mail         |    34 |   124 |    44 ||   202
  Dodge: Dodged            |    30 |    55 |    24 ||   109
  Block: Buckler           |     1 |       |       ||     1

Table legend: (Time is in decaauts)
 A = Elapsed time spent in this place.
 B = Non-inter-level travel time spent in this place.
 C = Inter-level travel time spent in this place.
 D = Time resting spent in this place.
 E = Time spent auto-exploring this place.
 F = Levels seen in this place.
 G = Mean time per level.
                   A        B        C        D        E       F      G
               +--------+--------+--------+--------+--------+-----+--------+
         Total |   4864 |   4623 |    241 |    418 |   3445 |   7 |  694.9 |
       Dungeon |   4864 |   4623 |    241 |    418 |   3445 |   7 |  694.9 |
               +--------+--------+--------+--------+--------+-----+--------+

Top non-repeatable levels by time:
     D:6: 1037 daAuts
     D:3: 942 daAuts
     D:2: 758 daAuts
     D:5: 736 daAuts
     D:4: 724 daAuts
     D:1: 626 daAuts
     D:7: 40 daAuts
